Map: Thunderbird LE

Players

Mez

  • Race: Terran Terran
  • League: Master
  • Spawn Location: 5:00

mcderfreak - Winner!

  • Race: Zerg Zerg
  • League: Master
  • Spawn Location: 11:00

VOD

Have the link to the VOD?

Description

Time

  • Played on: Aug. 22, 2019, 4:32 p.m.
  • Length: 13:24
Show
View Real Time Build Order
Export as new Build Order

Mez Terran 

Build Orders: Reaper Expand 

Get SALT Encoding   

  12  0:00  SCV  
  13  0:13  SCV  
  14  0:17  Supply Depot  
  14  0:25  SCV  
  15  0:38  SCV  
  15  0:40  Barracks  
  16  0:43  Refinery  
  16  0:50  SCV  
  17  1:02  SCV  
  18  1:14  SCV  
  19  1:28  Orbital Command, Reaper  
  20  1:39  Command Center  
  20  1:48  Supply Depot  
  20  1:54  SCV  
  21  1:59  Marine  
  22  2:06  SCV  
  23  2:13  Factory  
  22  2:23  Barracks Reactor  
  22  2:28  Bunker  
  22  2:31  SCV  
  23  2:42  Refinery  
  23  2:46  SCV  
  24  2:51  Orbital Command  
  24  3:05  SCV, Starport  
  24  3:08  Barracks Tech Lab  
  25  3:18  SCV  
  26  3:20  SCV  
  26  3:25  Hellion x2, Supply Depot  
  31  3:31  SCV  
  31  3:32  SCV  
  33  3:44  Viking  
  33  3:45  Marine  
  33  3:47  Hellion  
  33  3:48  Hellion  
  40  3:52  Stimpack, Supply Depot  
  40  3:53  SCV x2  
  42  4:05  SCV x2  
  42  4:06  Marine  
  45  4:14  Starport Reactor  
  45  4:17  Barracks x2  
  45  4:19  Factory Reactor  
  45  4:20  SCV x2  
  47  4:30  Marine  
  48  4:32  SCV  
  48  4:37  Command Center  
  49  4:43  SCV  
  49  4:44  SCV  
  51  4:48  Marine  
  52  4:55  Supply Depot  
  52  4:56  Supply Depot  
  52  5:03  SCV x2  
  53  5:11  Marine x3  
  56  5:17  Factory Tech Lab  
  56  5:19  SCV  
  56  5:20  SCV  
  58  5:23  Supply Depot  
  58  5:25  Marine x2  
  58  5:26  Supply Depot, Medivac x2  
  64  5:29  Marine  
  64  5:32  SCV  
  66  5:35  Engineering Bay  
  66  5:36  Refinery  
  66  5:37  SCV  
  66  5:38  Refinery  
  66  5:39  Marine, Engineering Bay  
  66  5:41  Combat Shield  
  68  5:44  SCV  
  70  5:50  SCV  
  66  6:03  Marine x5  
  67  6:05  Siege Tank  
  70  6:14  Supply Depot  
  70  6:18  SCV x2  
  71  6:21  Marine x5, Medivac x2  
  78  6:28  Orbital Command  
  78  6:30  SCV x2  
  78  6:38  Marine  
  78  6:39  Marine x3  
  79  6:50  Marine  
  79  6:51  SCV x2  
  79  6:53  Siege Tank  
  82  6:56  Marine x2, Barracks x2  
  82  6:57  Marine  
  82  7:00  SCV  
  86  7:03  SCV, Supply Depot  
  86  7:05  SCV  
  88  7:10  Terran Infantry Armor Level 1, Terran Infantry Weapons Level 1  
  88  7:11  Marine  
  88  7:12  SCV  
  90  7:37  Marine x5  
  90  7:38  Siege Tank, Medivac x2  
  102  7:46  SCV x3  
  104  7:52  Supply Depot  
  104  7:53  Supply Depot  
  104  7:54  Supply Depot  
  104  7:58  Marine x5, SCV x3  
  107  8:01  Barracks Reactor x2  
  111  8:11  SCV x3  
  114  8:14  Barracks  
  114  8:15  Barracks  
  114  8:16  Marine x4, Barracks  
  114  8:19  Supply Depot x2  
  118  8:21  Supply Depot  
  118  8:31  Marine  
  118  8:32  Siege Tank  
  118  8:33  Medivac x2  
  118  8:34  Marine x4  
  127  8:35  SCV x2  
  123  8:49  Marine  
  123  8:50  Marine x4  
  123  8:51  Marine  
  123  9:01  Marine x3  
  118  9:05  Siege Tank  
  118  9:07  Marine  
  118  9:08  Marine x2, Command Center  
  124  9:10  Factory, Supply Depot  
  124  9:11  Supply Depot, Refinery  
  124  9:14  Refinery  
  124  9:25  Marine x8  
  132  9:35  SCV x3  
  123  9:46  Marine x8  
  123  9:47  Marine, SCV x3  
  129  9:54  Siege Tank  
  129  9:59  Liberator x2  
  127  10:04  Marine  
  127  10:05  SCV x3  
  125  10:07  Supply Depot  
  125  10:08  Supply Depot  
  125  10:11  Factory Reactor  
  125  10:17  Marine x8  
  136  10:26  Siege Tank  
  139  10:29  Barracks Tech Lab x3  
  139  10:33  SCV x3  
  142  10:45  SCV  
  142  10:47  SCV x2  
  142  10:48  Supply Depot  
  145  10:50  Factory  
  145  10:52  Refinery  
  145  10:53  Supply Depot  
  145  10:57  SCV  
  145  10:59  SCV x2  
  148  11:09  SCV  
  118  11:20  Marine x5  
  118  11:21  Marine x4, Marauder  
  118  11:22  Marauder x2  
  118  11:23  Widow Mine x3  
  139  11:36  SCV x3  
  139  11:38  Marine  
  143  11:48  SCV x3  
  143  11:53  Marine x5  
  151  11:54  Marauder x3  
  151  11:55  Marauder  
  151  12:00  Marine  
  151  12:09  Widow Mine  
  151  12:10  Widow Mine  
  151  12:11  Factory Tech Lab, Widow Mine  
  157  12:19  Marine x3  
  157  12:20  Marine x5, Marauder x2  
  157  12:21  Marauder  
  171  12:24  SCV x2  
  154  12:47  Marine x12  
  116  13:04  Marine  
  116  13:05  Marine  
Show
View Real Time Build Order
Export as new Build Order

mcderfreak Zerg - Winner!

Build Orders: Pool First 

Get SALT Encoding   

  12  0:01  Drone  
  13  0:13  Overlord  
  13  0:16  Drone  
  14  0:32  Drone x2  
  14  0:35  Drone  
  17  0:47  Spawning Pool  
  17  0:48  Drone  
  17  1:00  Drone  
  18  1:11  Hatchery  
  18  1:14  Drone  
  18  1:15  Extractor  
  17  1:19  Drone  
  18  1:29  Drone  
  19  1:33  Queen  
  19  1:39  Overlord  
  21  1:55  Zergling x2  
  22  2:09  Queen  
  26  2:15  Drone x2  
  26  2:21  Metabolic Boost  
  27  2:22  Drone  
  27  2:23  Queen  
  27  2:24  Drone  
  30  2:34  Drone  
  31  2:42  Overlord  
  31  2:44  Queen  
  33  2:55  Hatchery  
  33  2:57  Drone  
  33  3:00  Drone  
  33  3:04  Drone  
  35  3:06  Drone  
  35  3:07  Drone  
  37  3:22  Evolution Chamber  
  37  3:23  Evolution Chamber  
  37  3:26  Drone x3  
  37  3:27  Drone  
  39  3:36  Overlord, Drone  
  39  3:38  Drone x2  
  39  3:39  Drone  
  43  3:42  Drone  
  44  3:49  Zerg Melee Weapons Level 1  
  44  3:53  Zerg Ground Armor Level 1  
  44  4:01  Extractor  
  43  4:05  Drone x3  
  43  4:06  Drone x2  
  48  4:11  Spore Crawler, Drone  
  48  4:13  Baneling Nest, Spore Crawler  
  48  4:14  Drone  
  48  4:15  Drone  
  48  4:26  Overlord x2  
  48  4:28  Overlord  
  48  4:29  Zergling x2  
  48  4:30  Zergling x2  
  51  4:45  Drone  
  51  4:46  Drone x2  
  51  4:47  Drone  
  51  4:48  Zergling x10  
  51  4:49  Spore Crawler  
  51  4:50  Zergling x2  
  59  4:56  Zergling x4  
  59  5:06  Overlord  
  59  5:07  Overlord x3  
  59  5:29  Drone x5  
  59  5:30  Drone x3  
  59  5:31  Overlord  
  59  5:35  Lair  
  65  5:38  Spore Crawler x2  
  65  5:42  Spore Crawler  
  62  5:43  Drone x3  
  65  5:50  Zergling x2  
  63  6:09  Drone x2  
  63  6:10  Hatchery  
  64  6:13  Drone x3  
  64  6:14  Extractor  
  64  6:15  Zergling x12  
  72  6:19  Hatchery  
  72  6:23  Zergling x4  
  72  6:28  Zergling x2  
  72  6:31  Burrow  
  72  6:33  Zergling x2  
  71  6:46  Zergling x16  
  71  6:47  Zergling x4  
  78  6:55  Zerg Melee Weapons Level 2, Zerg Ground Armor Level 2, Centrifical Hooks  
  78  6:57  Baneling x2  
  78  6:58  Baneling x2  
  78  7:05  Drone x4  
  82  7:10  Overlord x5  
  82  7:16  Overlord  
  82  7:18  Spore Crawler, Drone  
  82  7:20  Spore Crawler  
  82  7:21  Queen  
  83  7:36  Drone x2  
  83  7:37  Drone x3  
  87  7:38  Spore Crawler, Drone x6  
  87  7:39  Drone  
  94  7:45  Zergling x2  
  94  7:46  Zergling x4  
  94  7:48  Zergling x4, Hatchery  
  94  7:49  Zergling x2  
  98  7:55  Infestation Pit  
  98  7:56  Drone x3, Extractor  
  99  8:04  Zergling x12  
  105  8:26  Zergling x2  
  110  8:27  Zergling x38  
  116  8:41  Zergling x2  
  116  8:43  Zergling x16  
  116  8:44  Queen  
  116  8:47  Zergling x4  
  116  8:48  Zergling x2  
  127  8:53  Hive  
  127  8:54  Pathogen Glands  
  119  9:00  Zergling x2  
  119  9:01  Zergling x12  
  124  9:03  Zergling x2  
  124  9:05  Zergling x4  
  124  9:07  Zergling x2  
  128  9:15  Queen  
  130  9:17  Zergling x2  
  130  9:18  Zergling x12  
  136  9:25  Zergling x10  
  136  9:26  Zergling x14  
  136  9:28  Overlord  
  136  9:29  Overlord x3  
  143  9:45  Zergling x18  
  127  9:51  Neural Parasite  
  117  10:03  Zergling x26  
  117  10:04  Zergling x6  
  117  10:07  Zerg Ground Armor Level 3, Zerg Melee Weapons Level 3  
  128  10:09  Adrenal Glands  
  128  10:14  Ultralisk Cavern  
  128  10:19  Zergling x2  
  128  10:20  Zergling x2  
  128  10:24  Zergling x10  
  128  10:25  Zergling x8  
  132  10:36  Baneling  
  132  10:37  Baneling x23  
  132  10:38  Zergling x2  
  132  10:39  Zergling x10  
  138  10:49  Queen  
  138  10:50  Drone x2  
  138  10:51  Drone  
  143  10:59  Spore Crawler  
  111  11:18  Zergling x10  
  98  11:19  Zergling x58  
  98  11:20  Zergling x2  
  127  11:29  Chitinous Plating  
  127  11:46  Zergling x2  
  128  11:47  Zergling x34  
  128  11:52  Drone x2  
  147  12:02  Ultralisk x2  
  150  12:13  Zergling x14  
  150  12:14  Zergling x10  
  162  12:20  Baneling x12  
  162  12:21  Baneling x6  
  150  12:30  Zergling x2  
  150  12:31  Zergling x24  
  150  12:32  Zergling x4  
  145  12:52  Baneling x3  
  136  13:02  Zergling x2  
  136  13:03  Zergling x38  
Tags
 
Add a new tag
Caveats
  • Supply blocks, unpowered buildings, or Contaminate may cause inaccurate times.
  • Supply counts are checked every 10 seconds.